Icehogs vs Eagles

Created - January 20, 2024 at 21:47

Goals
1 2 3 T
Icehogs 2 0 3 5
Eagles 0 0 1 1
Shots
1 2 3 T
Icehogs 11 7 11 29
Eagles 9 5 10 24

1st period

1. Icehogs , Myles Bell 9 (J.T. Brown 30, Michael Rasmussen 9) at 2:02
2. Icehogs , Dillon Dube 5 (Hudson Fasching 21, Mikhail Grigorenko 27) at 12:07

Penalties :
Ryan Murphy (Col) for Hooking (Minor) at 2:05, Julius Honka (Roc) for Elbowing (Minor) at 5:38, Keaton Middleton (Col) for High sticking (Minor) at 18:04

2nd period

No Goal

Penalties :
Patrick Sieloff (Roc) for Roughing (Minor) at 17:07

3rd period

3. Eagles , Matteson Iacopelli 9 (Tyler Motte 7, Sam Steel 8) at 4:47
4. Icehogs , Mikhail Grigorenko 22 (Hudson Fasching 22, Dillon Dube 13) at 8:23 (PP)
5. Icehogs , Mikhail Grigorenko 23 (Adam Boqvist 2, Hudson Fasching 23) at 9:52
6. Icehogs , Hudson Fasching 31 (Dillon Dube 14, Mikhail Grigorenko 28) at 10:00

Penalties :
Dillon Dube (Roc) for Roughing (Minor) at 1:37, Ryan Murphy (Col) for Hooking (Minor) at 2:17, Mattias Samuelsson (Col) for Hooking (Minor) at 8:04, Patrick Sieloff (Roc) for Roughing (Minor) at 10:22, Drake Caggiula (Col) for Goalie Interference (Minor) at 15:48

Goalie Stats

Mackenzie Blackwood (Roc), 23 saves from 24 shots - (0.958), W, 17-14-1, 60:00 minutes
Adin Hill (Col), 24 saves from 29 shots - (0.828), L, 16-14-3, 60:00 minutes

Players Stats for Icehogs

Player Name              G  A  P  +/- PIM S  H  SB GA TA FO     MP     PP MP  PK MP  
------------------------------------------------------------------------------------
Adam Boqvist             0  1  1   3  0   0  0  1  0  0  0/0    14:44   2:29   0:00 
Andrew Poturalski        0  0  0   0  0   0  3  1  0  0  3/4    15:12   2:45   1:17 
Calle Andersson          0  0  0   0  0   0  0  0  0  0  0/0     4:48   0:00   2:13 
Clark Bishop             0  0  0  -1  0   0  0  0  0  0  1/2     7:38   0:00   0:00 
Dillon Dube              1  2  3   3  2   3  2  0  0  0  17/32  21:32   4:10   3:04 
Duncan Siemens           0  0  0   0  0   1  3  1  2  0  0/0    20:12   3:09   2:48 
Hudson Fasching          1  3  4   3  0   6  0  3  4  1  1/1    17:55   3:34   0:00 
J.T. Brown               0  1  1   1  0   2  0  0  1  0  0/0    14:46   2:31   0:00 
Jeremy Davies            0  0  0   3  0   1  0  0  0  1  0/0    13:33   0:00   0:59 
Julius Honka             0  0  0   0  2   2  1  1  0  0  0/0    15:21   0:40   1:51 
Kurtis Gabriel           0  0  0   0  0   3  3  0  1  0  0/0    11:08   0:14   0:00 
Michael Rasmussen        0  1  1   1  0   2  0  0  0  0  1/8    13:16   0:00   1:17 
Mike Reilly              0  0  0   0  0   1  1  2  1  1  0/0    28:01   3:47   3:49 
Mikhail Grigorenko       2  2  4   3  0   2  2  1  1  1  1/4    23:43   4:11   3:52 
Myles Bell               1  0  1   1  0   2  1  2  0  1  4/6    19:01   3:05   2:50 
Nick Paul                0  0  0   0  0   0  0  1  1  1  0/0    12:36   0:18   0:54 
Nikita Scherbak          0  0  0  -1  0   3  0  0  0  0  0/0     7:38   0:00   0:00 
Patrick Sieloff          0  0  0   0  4   1  2  2  0  2  0/0    23:18   3:47   1:34 
Ross Johnston            0  0  0  -1  0   0  0  0  0  0  0/0     7:38   0:00   0:00 

Players Stats for Eagles

Player Name              G  A  P  +/- PIM S  H  SB GA TA FO     MP     PP MP  PK MP  
------------------------------------------------------------------------------------
Chris Calhan             0  0  0  -1  0   0  4  0  0  0  0/0     8:59   0:01   0:00 
Connor Carrick           0  0  0   0  0   4  0  2  2  2  0/0    25:05   4:02   4:11 
Drake Caggiula           0  0  0  -2  2   2  2  0  0  1  7/18   18:40   3:15   1:28 
Gabriel Vilardi          0  0  0   0  0   1  2  1  1  0  1/1    16:10   3:15   0:59 
Jack Dougherty           0  0  0  -2  0   2  2  3  0  1  0/0    24:25   4:02   3:57 
Jared McCann             0  0  0   0  0   1  1  0  1  0  8/19   16:23   0:00   4:11 
Jonathan Racine          0  0  0  -1  0   0  0  1  0  1  0/0    13:30   0:00   0:35 
Joseph Blandisi          0  0  0  -2  0   2  2  0  1  0  1/1    19:11   3:21   0:46 
Keaton Middleton         0  0  0   1  2   2  1  1  0  1  0/0    22:26   2:35   2:54 
Matteson Iacopelli       1  0  1   0  0   1  1  0  0  1  1/1    10:25   0:01   0:00 
Mattias Samuelsson       0  0  0  -1  2   0  0  1  0  1  0/0    13:23   0:00   0:29 
Michael Carcone          0  0  0   0  0   0  0  1  0  0  1/1    15:11   3:15   0:00 
Michael Dal Colle        0  0  0  -1  0   0  0  0  0  0  0/0     8:59   0:01   0:00 
Nick Cousins             0  0  0  -2  0   1  3  1  1  0  0/0    21:31   3:21   3:55 
Ryan Murphy              0  0  0  -3  4   1  0  0  1  1  0/0    21:25   2:34   1:46 
Sam Steel                0  1  1   0  0   3  0  0  0  1  4/7    10:11   0:00   0:00 
Tyler Motte              0  1  1   0  0   2  1  0  0  1  0/0    12:12   0:00   2:09 
Zach Aston-Reese         0  0  0  -1  0   2  2  0  1  0  6/9    13:34   3:21   0:24 

3 Stars

1 - Mikhail Grigorenko (Roc)
2 - Hudson Fasching (Roc)
3 - Dillon Dube (Roc)

Power Play

Icehogs - 1 on 5 Attempt(s) - 20.00%
Eagles - 0 on 4 Attempt(s) - 0.00%

Penalty Kill

Icehogs - 4 on 4 Attempt(s) - 100.00% - Score 0 goal in Penalty Kill
Eagles - 4 on 5 Attempt(s) - 80.00% - Score 0 goal in Penalty Kill

Team Stat

Icehogs - Hits : 18 - Faceoff Wins : 28 - Blocked Shots : 15 - Penalty Minutes : 8
Eagles - Hits : 21 - Faceoff Wins : 29 - Blocked Shots : 11 - Penalty Minutes : 10

Official

Referees : Chris Schlenker and Graham Skilliter
Linesman : Libor Suchanek and Andrew Smith

Game Notes

12:07 of 1st period - Icehogs goal is going for a video replay. After video review, Goal.

Finance

Level 1 -- Attendance: 1842 (92.10%) -- Ticket Income $128,940
Level 2 -- Attendance: 1000 (100.00%) -- Ticket Income $40,000
Total Attendance: 2842 (94.73%)
Total Ticket Income: $168,940
Other Income: $8,447
Total Income: $177,387

Icehogs

5 vs 5 Forward 
   Center                   Left Wing                Right Wing               Time % Phy DF OF 
 1 Dillon Dube              Mikhail Grigorenko       Hudson Fasching          40     1   2  2  
 2 Michael Rasmussen        Myles Bell               J.T. Brown               30     1   2  2  
 3 Andrew Poturalski        Nick Paul                Kurtis Gabriel           20     1   2  2  
 4 Clark Bishop             Ross Johnston            Nikita Scherbak          10     1   2  2  

5 vs 5 Defense 
   Defense                  Defense                                           Time % Phy DF OF 
 1 Mike Reilly              Patrick Sieloff                                   40     1   2  2  
 2 Julius Honka             Duncan Siemens                                    30     1   2  2  
 3 Adam Boqvist             Jeremy Davies                                     20     1   2  2  
 4 Calle Andersson          Mike Reilly                                       10     1   2  2  

PowerPlay Forward 
   Center                   Left Wing                Right Wing               Time % Phy DF OF 
 1 Dillon Dube              Mikhail Grigorenko       Hudson Fasching          60     1   2  2  
 2 Andrew Poturalski        Myles Bell               J.T. Brown               40     1   2  2  

PowerPlay Defense
   Defense                  Defense                                           Time % Phy DF OF 
 1 Mike Reilly              Patrick Sieloff                                   60     1   2  2  
 2 Adam Boqvist             Duncan Siemens                                    40     1   2  2  

Penalty Kill 4 Players Forward 
   Center                   Wing                     Time % Phy DF OF 
 1 Dillon Dube              Mikhail Grigorenko       60     1   2  2  
 2 Andrew Poturalski        Myles Bell               40     1   2  2  

Penalty Kill 4 Players Defense
   Defense                  Defense                  Time % Phy DF OF 
 1 Mike Reilly              Patrick Sieloff          60     1   2  2  
 2 Julius Honka             Duncan Siemens           40     1   2  2  

Penalty Kill - 3 Players Forward 
   Forward                                           Time % Phy DF OF 
 1 Dillon Dube                                       60     1   2  2  
 2 Andrew Poturalski                                 40     1   2  2  

Penalty Kill - 3 Players Defense
   Defense                  Defense                  Time % Phy DF OF 
 1 Mike Reilly              Patrick Sieloff          60     1   2  2  
 2 Julius Honka             Duncan Siemens           40     1   2  2  

4 vs 4 Forward 
   Center                   Wing                     Time % Phy DF OF 
 1 Dillon Dube              Mikhail Grigorenko       60     1   2  2  
 2 Andrew Poturalski        Myles Bell               40     1   2  2  

4 vs 4 Defense
   Defense                  Defense                  Time % Phy DF OF 
 1 Mike Reilly              Patrick Sieloff          60     1   2  2  
 2 Julius Honka             Duncan Siemens           40     1   2  2  

Last Minutes Offensive
   Center                   Left Wing                Right Wing               Defense                  Defense                  
   Dillon Dube              Mikhail Grigorenko       Hudson Fasching          Mike Reilly              Patrick Sieloff          

Last Minutes Defensive
   Center                   Left Wing                Right Wing               Defense                  Defense                  
   Dillon Dube              Mikhail Grigorenko       Hudson Fasching          Mike Reilly              Patrick Sieloff          

Goaltenders
Starting : Mackenzie Blackwood      
Backup : Oscar Dansk              

Extra Forwards
Normal : Myles Bell, Nick Paul, Dillon Dube - PP : Myles Bell, Nick Paul - PK : Myles Bell
Extra Defensemen
Normal : Calle Andersson, Jeremy Davies, Adam Boqvist - PP : Calle Andersson - PK : Calle Andersson, Jeremy Davies
Penalty Shots
Hudson Fasching, J.T. Brown, Mikhail Grigorenko, Kurtis Gabriel, Myles Bell
Custom OT Lines Forwards
Hudson Fasching, J.T. Brown, Mikhail Grigorenko, Kurtis Gabriel, Myles Bell, Nick Paul, Dillon Dube, Nikita Scherbak, Andrew Poturalski, Michael Rasmussen
Custom OT Lines Defensemen
Mike Reilly, Patrick Sieloff, Julius Honka, Duncan Siemens, Calle Andersson

Scratches
Kristian Reichel (Healthy), JJ. Piccinich (Healthy), Maxim Letunov (Healthy), Patrick Russell (Healthy), Declan Chisholm (Healthy)
Thomas DiPauli (Healthy), Zach Whitecloud (Healthy), Jackson Cates (Healthy), Mitchell Chaffee (Healthy), Gabriel Fortier (Healthy)
Petr Kvaca (Healthy)

Eagles

5 vs 5 Forward 
   Center                   Left Wing                Right Wing               Time % Phy DF OF 
 1 Drake Caggiula           Joseph Blandisi          Nick Cousins             36     1   1  3  
 2 Jared McCann             Michael Carcone          Gabriel Vilardi          33     1   1  3  
 3 Sam Steel                Tyler Motte              Matteson Iacopelli       21     1   2  2  
 4 Zach Aston-Reese         Michael Dal Colle        Chris Calhan             10     1   2  2  

5 vs 5 Defense 
   Defense                  Defense                                           Time % Phy DF OF 
 1 Ryan Murphy              Jack Dougherty                                    41     1   2  2  
 2 Connor Carrick           Keaton Middleton                                  39     1   2  2  
 3 Mattias Samuelsson       Jonathan Racine                                   20     1   2  2  
 4 Connor Carrick           Ryan Murphy                                       0      1   2  2  

PowerPlay Forward 
   Center                   Left Wing                Right Wing               Time % Phy DF OF 
 1 Zach Aston-Reese         Joseph Blandisi          Nick Cousins             50     1   1  3  
 2 Drake Caggiula           Michael Carcone          Gabriel Vilardi          50     1   1  3  

PowerPlay Defense
   Defense                  Defense                                           Time % Phy DF OF 
 1 Connor Carrick           Jack Dougherty                                    55     1   1  3  
 2 Keaton Middleton         Ryan Murphy                                       45     1   1  3  

Penalty Kill 4 Players Forward 
   Center                   Wing                     Time % Phy DF OF 
 1 Jared McCann             Nick Cousins             60     1   3  1  
 2 Drake Caggiula           Tyler Motte              40     1   3  1  

Penalty Kill 4 Players Defense
   Defense                  Defense                  Time % Phy DF OF 
 1 Ryan Murphy              Connor Carrick           55     1   3  1  
 2 Jack Dougherty           Keaton Middleton         45     1   3  1  

Penalty Kill - 3 Players Forward 
   Forward                                           Time % Phy DF OF 
 1 Jared McCann                                      60     1   4  0  
 2 Drake Caggiula                                    40     1   4  0  

Penalty Kill - 3 Players Defense
   Defense                  Defense                  Time % Phy DF OF 
 1 Ryan Murphy              Jack Dougherty           60     1   4  0  
 2 Connor Carrick           Keaton Middleton         40     1   4  0  

4 vs 4 Forward 
   Center                   Wing                     Time % Phy DF OF 
 1 Zach Aston-Reese         Joseph Blandisi          55     1   2  2  
 2 Sam Steel                Nick Cousins             45     1   2  2  

4 vs 4 Defense
   Defense                  Defense                  Time % Phy DF OF 
 1 Ryan Murphy              Jack Dougherty           50     1   2  2  
 2 Connor Carrick           Keaton Middleton         50     1   2  2  

Last Minutes Offensive
   Center                   Left Wing                Right Wing               Defense                  Defense                  
   Zach Aston-Reese         Michael Carcone          Nick Cousins             Ryan Murphy              Connor Carrick           

Last Minutes Defensive
   Center                   Left Wing                Right Wing               Defense                  Defense                  
   Jared McCann             Tyler Motte              Nick Cousins             Ryan Murphy              Connor Carrick           

Goaltenders
Starting : Adin Hill                
Backup : Daniel Altshuller        

Extra Forwards
Normal : Sam Steel, Michael Carcone, Gabriel Vilardi - PP : Gabriel Vilardi, Matteson Iacopelli - PK : Gabriel Vilardi
Extra Defensemen
Normal : Keaton Middleton, Connor Carrick, Ryan Murphy - PP : Keaton Middleton - PK : Keaton Middleton, Connor Carrick
Penalty Shots
Gabriel Vilardi, Jared McCann, Zach Aston-Reese, Nick Cousins, Sam Steel
Custom OT Lines Forwards
Nick Cousins, Joseph Blandisi, Jared McCann, Drake Caggiula, Zach Aston-Reese, Tyler Motte, Michael Carcone, Sam Steel, Matteson Iacopelli, Gabriel Vilardi
Custom OT Lines Defensemen
Ryan Murphy, Jack Dougherty, Connor Carrick, Keaton Middleton, Mattias Samuelsson

Scratches
Dominik Kubalik (Healthy), Kevin Bahl (Healthy), Mark Friedman (Healthy), Tyler Tucker (Healthy), Xavier Ouellet (Healthy)
Alexander Nylander (Healthy), Pius Suter (Healthy), Max Lajoie (Healthy), Pascal Laberge (Healthy), Marian Studenic (Healthy)
Walker Duehr (Healthy), Zachary Emond (Healthy)

% Time on Ice - Icehogs

Lines # - Real PCT - Wanted PCT - Time Play
Normal Forward
1 - 32% - 40% - 14:21
2 - 27% - 30% - 12:15
3 - 24% - 20% - 10:54
4 - 17% - 10% - 7:38
Normal Defense
1 - 38% - 40% - 17:07
2 - 31% - 30% - 14:08
3 - 26% - 20% - 11:47
4 - 5% - 10% - 2:06
PP Forward
1 - 60% - 60% - 4:11
2 - 40% - 40% - 2:45
PP Defense
1 - 55% - 60% - 3:47
2 - 45% - 40% - 3:09
PK Forward
1 - 81% - 60% - 5:20
2 - 19% - 40% - 1:17
PK Defense
1 - 58% - 60% - 3:49
2 - 42% - 40% - 2:48
PK3 Forward
1 - 0% - 60%
2 - 0% - 40%
PK3 Defense
1 - 0% - 60%
2 - 0% - 40%
44 Forward
1 - 100% - 60% - 1:19
2 - 0% - 40% - 0:00
44 Defense
1 - 91% - 60% - 1:12
2 - 9% - 40% - 0:07
Last Minute Offensive  - 0:00
Last Minute Defensive  - 0:00
Total
Forward - 60:00
Defense - 60:00

% Time on Ice - Eagles

Lines # - Real PCT - Wanted PCT - Time Play
Normal Forward
1 - 31% - 36% - 14:11
2 - 27% - 33% - 12:19
3 - 22% - 21% - 10:02
4 - 19% - 10% - 8:36
Normal Defense
1 - 34% - 41% - 15:28
2 - 35% - 39% - 15:39
3 - 29% - 20% - 12:55
4 - 2% - 0% - 1:06
PP Forward
1 - 51% - 50% - 3:21
2 - 49% - 50% - 3:16
PP Defense
1 - 61% - 55% - 4:02
2 - 39% - 45% - 2:35
PK Forward
1 - 69% - 60% - 4:47
2 - 31% - 40% - 2:09
PK Defense
1 - 48% - 55% - 3:21
2 - 52% - 45% - 3:35
PK3 Forward
1 - 0% - 60%
2 - 0% - 40%
PK3 Defense
1 - 0% - 60%
2 - 0% - 40%
44 Forward
1 - 89% - 55% - 1:10
2 - 11% - 45% - 0:09
44 Defense
1 - 39% - 50% - 0:31
2 - 61% - 50% - 0:48
Last Minute Offensive  - 0:00
Last Minute Defensive  - 0:00
Total
Forward - 60:00
Defense - 60:00

Play-by-Play

1st period


0:01 of 1st period - Drake Caggiula wins face-off versus Dillon Dube in neutral zone.
0:26 of 1st period - Wrist shot by J.T. Brown.
0:26 of 1st period - Stopped by Adin Hill without a rebound.
0:27 of 1st period - Michael Rasmussen wins face-off versus Jared McCann in Eagles zone.
0:52 of 1st period - J.T. Brown is hit by Keaton Middleton and loses puck.
2:00 of 1st period - Snap shot by J.T. Brown.
2:00 of 1st period - Stopped by Adin Hill with a rebound.
2:02 of 1st period - Snap shot by Myles Bell.
2:02 of 1st period - Goal by Myles Bell - Icehogs : 1 - Eagles : 0.
2:03 of 1st period - Matteson Iacopelli wins face-off versus Dillon Dube in neutral zone.
2:05 of 1st period - Minor Penalty to Ryan Murphy for Hooking.
2:06 of 1st period - Jared McCann wins face-off versus Mikhail Grigorenko in Eagles zone.
2:51 of 1st period - Icing by Adam Boqvist.
2:52 of 1st period - Andrew Poturalski wins face-off versus Jared McCann in Icehogs zone.
4:01 of 1st period - Tyler Motte is hit by Kurtis Gabriel.
4:05 of 1st period - Penalty to Ryan Murphy is over, Ryan Murphy is back on ice.
5:07 of 1st period - Snap shot by Tyler Motte.
5:07 of 1st period - Stopped by Mackenzie Blackwood without a rebound.
5:08 of 1st period - Clark Bishop wins face-off versus Jared McCann in Icehogs zone.
5:08 of 1st period - Clark Bishop is hit by Gabriel Vilardi.
5:14 of 1st period - Wrist shot by Nikita Scherbak.
5:14 of 1st period - Stopped by Adin Hill with a rebound.
5:16 of 1st period - Slapshot by Julius Honka.
5:16 of 1st period - Stopped by Adin Hill without a rebound.
5:17 of 1st period - Sam Steel wins face-off versus Dillon Dube in Eagles zone.
5:30 of 1st period - Snap shot by Tyler Motte.
5:30 of 1st period - Shot Misses the Net.
5:32 of 1st period - Snap shot by Sam Steel.
5:32 of 1st period - Shot Blocked by Hudson Fasching.
5:38 of 1st period - Minor Penalty to Julius Honka for Elbowing.
5:39 of 1st period - Zach Aston-Reese wins face-off versus Dillon Dube in Icehogs zone.
6:38 of 1st period - Icing by Nick Cousins.
6:39 of 1st period - Andrew Poturalski wins face-off versus Drake Caggiula in Eagles zone.
7:38 of 1st period - Penalty to Julius Honka is over, Julius Honka is back on ice.
9:26 of 1st period - Snap shot by Zach Aston-Reese.
9:26 of 1st period - Shot Misses the Net.
9:28 of 1st period - Slapshot by Connor Carrick.
9:28 of 1st period - Stopped by Mackenzie Blackwood without a rebound.
9:29 of 1st period - Dillon Dube wins face-off versus Drake Caggiula in Icehogs zone.
9:37 of 1st period - Backhand shot by Dillon Dube.
9:37 of 1st period - Stopped by Adin Hill without a rebound.
9:38 of 1st period - Dillon Dube wins face-off versus Drake Caggiula in Eagles zone.
9:51 of 1st period - Wrist shot by Nick Cousins.
9:51 of 1st period - Deflect By Joseph Blandisi.
9:51 of 1st period - Shot Blocked by Hudson Fasching.
9:51 of 1st period - Puck is out of play.
9:52 of 1st period - Dillon Dube wins face-off versus Jared McCann in Icehogs zone.
10:22 of 1st period - Snap shot by Drake Caggiula.
10:22 of 1st period - Stopped by Mackenzie Blackwood without a rebound.
10:23 of 1st period - Hudson Fasching wins face-off versus Drake Caggiula in Icehogs zone.
10:23 of 1st period - Hudson Fasching is hit by Joseph Blandisi.
10:33 of 1st period - Snap shot by Joseph Blandisi.
10:33 of 1st period - Stopped by Mackenzie Blackwood with a rebound.
11:11 of 1st period - Wrist shot by Nikita Scherbak.
11:11 of 1st period - Stopped by Adin Hill with a rebound.
11:56 of 1st period - Slapshot by Tyler Motte.
11:56 of 1st period - Shot Blocked by Adam Boqvist.
11:58 of 1st period - Slapshot by Connor Carrick.
11:58 of 1st period - Deflect By Matteson Iacopelli.
11:58 of 1st period - Shot Misses the Net.
11:58 of 1st period - Puck is out of play.
11:59 of 1st period - Dillon Dube wins face-off versus Sam Steel in Icehogs zone.
12:05 of 1st period - Slapshot by Hudson Fasching.
12:05 of 1st period - Stopped by Adin Hill with a rebound.
12:07 of 1st period - Slapshot by Dillon Dube.
12:07 of 1st period - Icehogs goal is going for a video replay.
12:07 of 1st period - The goal is good.
12:07 of 1st period - Goal by Dillon Dube - Icehogs : 2 - Eagles : 0.
12:08 of 1st period - Jared McCann wins face-off versus Mikhail Grigorenko in neutral zone.
12:19 of 1st period - Slapshot by Jared McCann.
12:19 of 1st period - Stopped by Mackenzie Blackwood without a rebound.
12:20 of 1st period - Jared McCann wins face-off versus Dillon Dube in Icehogs zone.
13:15 of 1st period - Wrist shot by Myles Bell.
13:15 of 1st period - Stopped by Adin Hill with a rebound.
13:27 of 1st period - Julius Honka is hit by Zach Aston-Reese and loses puck.
14:10 of 1st period - Adam Boqvist is hit by Nick Cousins and loses puck.
14:36 of 1st period - Icing by Myles Bell.
14:37 of 1st period - Jared McCann wins face-off versus Michael Rasmussen in Icehogs zone.
14:52 of 1st period - Snap shot by Michael Rasmussen.
14:52 of 1st period - Stopped by Adin Hill with a rebound.
14:55 of 1st period - Icing by Michael Carcone.
14:56 of 1st period - Jared McCann wins face-off versus Dillon Dube in Eagles zone.
16:13 of 1st period - Snap shot by Ryan Murphy.
16:13 of 1st period - Shot Blocked by Patrick Sieloff.
16:51 of 1st period - Slapshot by Kurtis Gabriel.
16:51 of 1st period - Shot Misses the Net.
16:53 of 1st period - Slapshot by Patrick Sieloff.
16:53 of 1st period - Shot Blocked by Gabriel Vilardi.
17:27 of 1st period - Snap shot by Joseph Blandisi.
17:27 of 1st period - Shot Misses the Net.
17:29 of 1st period - Slapshot by Keaton Middleton.
17:29 of 1st period - Stopped by Mackenzie Blackwood without a rebound.
17:30 of 1st period - Andrew Poturalski wins face-off versus Drake Caggiula in Icehogs zone.
17:41 of 1st period - Snap shot by Joseph Blandisi.
17:41 of 1st period - Stopped by Mackenzie Blackwood with a rebound.
17:43 of 1st period - Slapshot by Connor Carrick.
17:43 of 1st period - Stopped by Mackenzie Blackwood with a rebound.
17:45 of 1st period - Backhand shot by Connor Carrick.
17:45 of 1st period - Deflect By Nick Cousins.
17:45 of 1st period - Shot Misses the Net.
17:45 of 1st period - Puck is out of play.
17:46 of 1st period - Jared McCann wins face-off versus Dillon Dube in Icehogs zone.
17:49 of 1st period - Slapshot by Gabriel Vilardi.
17:49 of 1st period - Shot Misses the Net.
17:51 of 1st period - Slapshot by Keaton Middleton.
17:51 of 1st period - Stopped by Mackenzie Blackwood without a rebound.
17:52 of 1st period - Dillon Dube wins face-off versus Jared McCann in Icehogs zone.
18:04 of 1st period - Minor Penalty to Keaton Middleton for High sticking.
18:05 of 1st period - Dillon Dube wins face-off versus Jared McCann in Eagles zone.
Goals for this period are 2 for Icehogs vs 0 for Eagles.
Shots for this period are 11 for Icehogs vs 9 for Eagles.

2nd period


0:01 of 2nd period - Jared McCann wins face-off versus Dillon Dube in neutral zone.
0:04 of 2nd period - Penalty to Keaton Middleton is over, Keaton Middleton is back on ice.
1:18 of 2nd period - Wrist shot by Nick Paul.
1:18 of 2nd period - Shot Blocked by Jonathan Racine.
1:36 of 2nd period - Jonathan Racine is hit by Andrew Poturalski and loses puck.
1:49 of 2nd period - Slapshot by Zach Aston-Reese.
1:49 of 2nd period - Shot Misses the Net.
1:55 of 2nd period - Jonathan Racine is hit by Kurtis Gabriel.
1:59 of 2nd period - Duncan Siemens is hit by Chris Calhan and loses puck.
2:04 of 2nd period - Slapshot by Ryan Murphy.
2:04 of 2nd period - Stopped by Mackenzie Blackwood with a rebound.
2:06 of 2nd period - Slapshot by Jack Dougherty.
2:06 of 2nd period - Deflect By Chris Calhan.
2:06 of 2nd period - Shot Misses the Net.
2:06 of 2nd period - Puck is out of play.
2:07 of 2nd period - Dillon Dube wins face-off versus Jared McCann in Icehogs zone.
2:07 of 2nd period - Dillon Dube is hit by Jared McCann.
2:34 of 2nd period - Jack Dougherty is hit by Patrick Sieloff.
2:58 of 2nd period - Slapshot by Sam Steel.
2:58 of 2nd period - Stopped by Mackenzie Blackwood without a rebound.
2:59 of 2nd period - Dillon Dube wins face-off versus Sam Steel in Icehogs zone.
3:04 of 2nd period - Matteson Iacopelli is hit by Mikhail Grigorenko and loses puck.
3:33 of 2nd period - Snap shot by Connor Carrick.
3:33 of 2nd period - Stopped by Mackenzie Blackwood without a rebound.
3:34 of 2nd period - Drake Caggiula wins face-off versus Dillon Dube in Icehogs zone.
4:19 of 2nd period - Wrist shot by Nikita Scherbak.
4:19 of 2nd period - Stopped by Adin Hill without a rebound.
4:20 of 2nd period - Sam Steel wins face-off versus Clark Bishop in Eagles zone.
6:08 of 2nd period - Snap shot by Zach Aston-Reese.
6:08 of 2nd period - Shot Misses the Net.
6:26 of 2nd period - Jonathan Racine is hit by Duncan Siemens and loses puck.
6:43 of 2nd period - Snap shot by Kurtis Gabriel.
6:43 of 2nd period - Stopped by Adin Hill without a rebound.
6:44 of 2nd period - Sam Steel wins face-off versus Andrew Poturalski in Eagles zone.
6:57 of 2nd period - Snap shot by Matteson Iacopelli.
6:57 of 2nd period - Shot Misses the Net.
6:59 of 2nd period - Snap shot by Sam Steel.
6:59 of 2nd period - Stopped by Mackenzie Blackwood with a rebound.
7:22 of 2nd period - Duncan Siemens is hit by Drake Caggiula and loses puck.
7:32 of 2nd period - Icing by Drake Caggiula.
7:33 of 2nd period - Gabriel Vilardi wins face-off versus Michael Rasmussen in Eagles zone.
7:58 of 2nd period - Slapshot by Tyler Motte.
7:58 of 2nd period - Stopped by Mackenzie Blackwood without a rebound.
7:59 of 2nd period - Dillon Dube wins face-off versus Sam Steel in Icehogs zone.
7:59 of 2nd period - Dillon Dube is hit by Matteson Iacopelli.
8:43 of 2nd period - Gabriel Vilardi is hit by Andrew Poturalski and loses puck.
8:48 of 2nd period - Snap shot by Kurtis Gabriel.
8:48 of 2nd period - Stopped by Adin Hill with a rebound.
8:50 of 2nd period - Slapshot by Duncan Siemens.
8:50 of 2nd period - Shot Blocked by Mattias Samuelsson.
8:52 of 2nd period - Wrist shot by Julius Honka.
8:52 of 2nd period - Shot Blocked by Michael Carcone.
10:49 of 2nd period - Slapshot by Jeremy Davies.
10:49 of 2nd period - Stopped by Adin Hill with a rebound.
11:18 of 2nd period - Snap shot by Duncan Siemens.
11:18 of 2nd period - Deflect By Connor Carrick.
11:18 of 2nd period - Stopped by Adin Hill with a rebound.
11:20 of 2nd period - Wrist shot by Julius Honka.
11:20 of 2nd period - Deflect By Michael Carcone.
11:20 of 2nd period - Stopped by Adin Hill without a rebound.
11:21 of 2nd period - Mikhail Grigorenko wins face-off versus Drake Caggiula in Eagles zone.
11:24 of 2nd period - Slapshot by Hudson Fasching.
11:24 of 2nd period - Stopped by Adin Hill with a rebound.
11:32 of 2nd period - Drake Caggiula is hit by Dillon Dube and loses puck.
11:41 of 2nd period - Mikhail Grigorenko is hit by Drake Caggiula and loses puck.
12:58 of 2nd period - Snap shot by Nick Cousins.
12:58 of 2nd period - Shot Blocked by Duncan Siemens.
14:35 of 2nd period - Snap shot by Matteson Iacopelli.
14:35 of 2nd period - Shot Blocked by Myles Bell.
15:25 of 2nd period - Drake Caggiula is hit by Dillon Dube and loses puck.
16:06 of 2nd period - Slapshot by Myles Bell.
16:06 of 2nd period - Shot Blocked by Connor Carrick.
16:08 of 2nd period - Slapshot by Jeremy Davies.
16:08 of 2nd period - Shot Blocked by Keaton Middleton.
16:10 of 2nd period - Slapshot by J.T. Brown.
16:10 of 2nd period - Shot Misses the Net.
16:28 of 2nd period - Slapshot by Zach Aston-Reese.
16:28 of 2nd period - Shot Blocked by Julius Honka.
16:30 of 2nd period - Slapshot by Zach Aston-Reese.
16:30 of 2nd period - Shot Blocked by Andrew Poturalski.
16:40 of 2nd period - Jonathan Racine is hit by Duncan Siemens and loses puck.
16:49 of 2nd period - Dillon Dube is hit by Joseph Blandisi and loses puck.
17:07 of 2nd period - Minor Penalty to Patrick Sieloff for Roughing.
17:08 of 2nd period - Drake Caggiula wins face-off versus Dillon Dube in Icehogs zone.
17:25 of 2nd period - Dillon Dube is hit by Jack Dougherty and loses puck.
17:53 of 2nd period - Julius Honka is hit by Nick Cousins and loses puck.
18:16 of 2nd period - Myles Bell is hit by Jack Dougherty and loses puck.
19:07 of 2nd period - Penalty to Patrick Sieloff is over, Patrick Sieloff is back on ice.
19:33 of 2nd period - Andrew Poturalski is hit by Chris Calhan and loses puck.
19:46 of 2nd period - Sam Steel is hit by Myles Bell.
Goals for this period are 0 for Icehogs vs 0 for Eagles.
Shots for this period are 7 for Icehogs vs 5 for Eagles.

3rd period


0:01 of 3rd period - Dillon Dube wins face-off versus Drake Caggiula in neutral zone.
0:31 of 3rd period - Snap shot by Jared McCann.
0:31 of 3rd period - Shot Misses the Net.
1:07 of 3rd period - Mattias Samuelsson is hit by Julius Honka and loses puck.
1:37 of 3rd period - Minor Penalty to Dillon Dube for Roughing.
1:38 of 3rd period - Myles Bell wins face-off versus Drake Caggiula in Icehogs zone.
1:38 of 3rd period - Myles Bell is hit by Gabriel Vilardi.
1:51 of 3rd period - Slapshot by Jack Dougherty.
1:51 of 3rd period - Shot Blocked by Patrick Sieloff.
1:53 of 3rd period - Snap shot by Michael Carcone.
1:53 of 3rd period - Shot Misses the Net.
2:07 of 3rd period - Slapshot by Connor Carrick.
2:07 of 3rd period - Shot Blocked by Mikhail Grigorenko.
2:09 of 3rd period - Snap shot by Jack Dougherty.
2:09 of 3rd period - Stopped by Mackenzie Blackwood without a rebound.
2:10 of 3rd period - Zach Aston-Reese wins face-off versus Michael Rasmussen in Icehogs zone.
2:17 of 3rd period - Minor Penalty to Ryan Murphy for Hooking.
2:18 of 3rd period - Zach Aston-Reese wins face-off versus Myles Bell in Eagles zone.
2:27 of 3rd period - Wrist shot by Zach Aston-Reese.
2:27 of 3rd period - Stopped by Mackenzie Blackwood without a rebound.
2:28 of 3rd period - Myles Bell wins face-off versus Zach Aston-Reese in Icehogs zone.
2:35 of 3rd period - Joseph Blandisi is hit by Patrick Sieloff and loses puck.
2:41 of 3rd period - Icing by Joseph Blandisi.
2:42 of 3rd period - Zach Aston-Reese wins face-off versus Mikhail Grigorenko in Eagles zone.
2:42 of 3rd period - Zach Aston-Reese is hit by Mike Reilly.
2:48 of 3rd period - Snap shot by Zach Aston-Reese.
2:48 of 3rd period - Stopped by Mackenzie Blackwood without a rebound.
2:49 of 3rd period - Myles Bell wins face-off versus Zach Aston-Reese in Icehogs zone.
3:00 of 3rd period - Slapshot by Connor Carrick.
3:00 of 3rd period - Shot Misses the Net.
3:02 of 3rd period - Slapshot by Connor Carrick.
3:02 of 3rd period - Shot Blocked by Myles Bell.
3:04 of 3rd period - Slapshot by Connor Carrick.
3:04 of 3rd period - Deflect By Mike Reilly.
3:04 of 3rd period - Stopped by Mackenzie Blackwood without a rebound.
3:05 of 3rd period - Zach Aston-Reese wins face-off versus Myles Bell in Icehogs zone.
3:08 of 3rd period - Slapshot by Joseph Blandisi.
3:08 of 3rd period - Shot Blocked by Mike Reilly.
3:37 of 3rd period - Penalty to Dillon Dube is over, Dillon Dube is back on ice.
3:45 of 3rd period - Slapshot by Mikhail Grigorenko.
3:45 of 3rd period - Shot Misses the Net.
3:54 of 3rd period - Icing by Duncan Siemens.
3:55 of 3rd period - Myles Bell wins face-off versus Jared McCann in Icehogs zone.
4:00 of 3rd period - Jared McCann is hit by Mikhail Grigorenko and loses puck.
4:17 of 3rd period - Penalty to Ryan Murphy is over, Ryan Murphy is back on ice.
4:47 of 3rd period - Snap shot by Tyler Motte.
4:47 of 3rd period - Deflect By Matteson Iacopelli.
4:47 of 3rd period - Goal by Matteson Iacopelli - Icehogs : 2 - Eagles : 1.
4:48 of 3rd period - Michael Carcone wins face-off versus Michael Rasmussen in neutral zone.
5:22 of 3rd period - Julius Honka is hit by Nick Cousins and loses puck.
5:37 of 3rd period - Sam Steel is hit by Andrew Poturalski.
5:59 of 3rd period - Clark Bishop is hit by Chris Calhan and loses puck.
6:04 of 3rd period - Backhand shot by Zach Aston-Reese.
6:04 of 3rd period - Shot Misses the Net.
6:22 of 3rd period - Off-side.
6:23 of 3rd period - Drake Caggiula wins face-off versus Dillon Dube in neutral zone.
6:34 of 3rd period - Wrist shot by Nick Cousins.
6:34 of 3rd period - Shot Misses the Net.
6:38 of 3rd period - Slapshot by Nick Cousins.
6:38 of 3rd period - Shot Blocked by Hudson Fasching.
6:54 of 3rd period - Wrist shot by Jared McCann.
6:54 of 3rd period - Shot Misses the Net.
7:13 of 3rd period - Mike Reilly is hit by Tyler Motte and loses puck.
7:22 of 3rd period - Backhand shot by Sam Steel.
7:22 of 3rd period - Stopped by Mackenzie Blackwood with a rebound.
7:24 of 3rd period - Backhand shot by Jack Dougherty.
7:24 of 3rd period - Shot Blocked by Nick Paul.
7:26 of 3rd period - Snap shot by Tyler Motte.
7:26 of 3rd period - Shot Blocked by Mike Reilly.
7:57 of 3rd period - Wrist shot by J.T. Brown.
7:57 of 3rd period - Shot Blocked by Connor Carrick.
7:59 of 3rd period - Slapshot by Michael Rasmussen.
7:59 of 3rd period - Stopped by Adin Hill with a rebound.
8:01 of 3rd period - Wrist shot by Duncan Siemens.
8:01 of 3rd period - Deflect By Michael Rasmussen.
8:01 of 3rd period - Shot Misses the Net.
8:01 of 3rd period - Puck is out of play.
8:02 of 3rd period - Drake Caggiula wins face-off versus Michael Rasmussen in Eagles zone.
8:04 of 3rd period - Minor Penalty to Mattias Samuelsson for Hooking.
8:05 of 3rd period - Dillon Dube wins face-off versus Jared McCann in Eagles zone.
8:17 of 3rd period - Slapshot by Mike Reilly.
8:17 of 3rd period - Stopped by Adin Hill without a rebound.
8:18 of 3rd period - Dillon Dube wins face-off versus Jared McCann in Eagles zone.
8:23 of 3rd period - Snap shot by Mikhail Grigorenko.
8:23 of 3rd period - Goal by Mikhail Grigorenko - Icehogs : 3 - Eagles : 1.
8:24 of 3rd period - Dillon Dube wins face-off versus Drake Caggiula in neutral zone.
8:27 of 3rd period - Slapshot by Patrick Sieloff.
8:27 of 3rd period - Deflect By Dillon Dube.
8:27 of 3rd period - Stopped by Adin Hill with a rebound.
8:29 of 3rd period - Slapshot by Mike Reilly.
8:29 of 3rd period - Shot Misses the Net.
8:31 of 3rd period - Wrist shot by Hudson Fasching.
8:31 of 3rd period - Stopped by Adin Hill without a rebound.
8:32 of 3rd period - Drake Caggiula wins face-off versus Dillon Dube in Eagles zone.
8:37 of 3rd period - Slapshot by Drake Caggiula.
8:37 of 3rd period - Stopped by Mackenzie Blackwood with a rebound.
9:19 of 3rd period - Wrist shot by Gabriel Vilardi.
9:19 of 3rd period - Shot Misses the Net.
9:40 of 3rd period - Off-side.
9:41 of 3rd period - Dillon Dube wins face-off versus Zach Aston-Reese in neutral zone.
9:44 of 3rd period - Wrist shot by Mikhail Grigorenko.
9:44 of 3rd period - Shot Blocked by Jack Dougherty.
9:46 of 3rd period - Snap shot by Dillon Dube.
9:46 of 3rd period - Shot Blocked by Jack Dougherty.
9:48 of 3rd period - Snap shot by Adam Boqvist.
9:48 of 3rd period - Deflect By Hudson Fasching.
9:48 of 3rd period - Stopped by Adin Hill with a rebound.
9:50 of 3rd period - Slapshot by Adam Boqvist.
9:50 of 3rd period - Shot Misses the Net.
9:52 of 3rd period - Snap shot by Mikhail Grigorenko.
9:52 of 3rd period - Goal by Mikhail Grigorenko - Icehogs : 4 - Eagles : 1.
9:53 of 3rd period - Dillon Dube wins face-off versus Drake Caggiula in neutral zone.
9:58 of 3rd period - Snap shot by Hudson Fasching.
9:58 of 3rd period - Shot Misses the Net.
10:00 of 3rd period - Wrist shot by Dillon Dube.
10:00 of 3rd period - Deflect By Hudson Fasching.
10:00 of 3rd period - Goal by Hudson Fasching - Icehogs : 5 - Eagles : 1.
10:01 of 3rd period - Joseph Blandisi wins face-off versus Dillon Dube in neutral zone.
10:22 of 3rd period - Minor Penalty to Patrick Sieloff for Roughing.
10:23 of 3rd period - Drake Caggiula wins face-off versus Dillon Dube in Icehogs zone.
12:04 of 3rd period - Mikhail Grigorenko is hit by Zach Aston-Reese and loses puck.
12:22 of 3rd period - Penalty to Patrick Sieloff is over, Patrick Sieloff is back on ice.
12:27 of 3rd period - Nikita Scherbak is hit by Chris Calhan and loses puck.
12:32 of 3rd period - Snap shot by Matteson Iacopelli.
12:32 of 3rd period - Shot Misses the Net.
13:09 of 3rd period - Off-side.
13:10 of 3rd period - Zach Aston-Reese wins face-off versus Michael Rasmussen in neutral zone.
13:13 of 3rd period - Slapshot by Jack Dougherty.
13:13 of 3rd period - Stopped by Mackenzie Blackwood with a rebound.
13:39 of 3rd period - Snap shot by Nick Paul.
13:39 of 3rd period - Shot Misses the Net.
13:41 of 3rd period - Slapshot by Patrick Sieloff.
13:41 of 3rd period - Stopped by Adin Hill with a rebound.
13:43 of 3rd period - Slapshot by Mike Reilly.
13:43 of 3rd period - Shot Blocked by Jack Dougherty.
14:03 of 3rd period - Snap shot by Gabriel Vilardi.
14:03 of 3rd period - Stopped by Mackenzie Blackwood without a rebound.
14:04 of 3rd period - Sam Steel wins face-off versus Michael Rasmussen in Icehogs zone.
14:29 of 3rd period - Nick Cousins is hit by Duncan Siemens and loses puck.
14:38 of 3rd period - Wrist shot by Nick Cousins.
14:38 of 3rd period - Stopped by Mackenzie Blackwood with a rebound.
14:57 of 3rd period - Slapshot by Kurtis Gabriel.
14:57 of 3rd period - Stopped by Adin Hill without a rebound.
14:58 of 3rd period - Dillon Dube wins face-off versus Drake Caggiula in Eagles zone.
15:23 of 3rd period - Drake Caggiula is hit by Kurtis Gabriel and loses puck.
15:48 of 3rd period - Minor Penalty to Drake Caggiula for Goalie Interference.
15:49 of 3rd period - Dillon Dube wins face-off versus Jared McCann in Eagles zone.
15:59 of 3rd period - Slapshot by Hudson Fasching.
15:59 of 3rd period - Stopped by Adin Hill without a rebound.
16:00 of 3rd period - Jared McCann wins face-off versus Dillon Dube in Eagles zone.
16:15 of 3rd period - Wrist shot by Mikhail Grigorenko.
16:15 of 3rd period - Shot Blocked by Nick Cousins.
17:48 of 3rd period - Penalty to Drake Caggiula is over, Drake Caggiula is back on ice.
Goals for this period are 3 for Icehogs vs 1 for Eagles.
Shots for this period are 11 for Icehogs vs 10 for Eagles.